 Dungeon Crawl Stone Soup version 0.25.0-11-g1f837a76a1 (webtiles) character file.

Game seed: 16879473680565631831

127 xccam the Cutter (level 5, -1/30 HPs)
             Began as a Tengu Assassin on June 25, 2020.
             Killed by nerve-wracking pain
             ... invoked by Grinder
              (13 damage)
             ... on level 3 of the Dungeon.
             The game lasted 00:02:45 (2741 turns).

xccam the Cutter (Tengu Assassin)                   Turns: 2741, Time: 00:02:46

Health: -1/30      AC:  7    Str: 12    XL:     5   Next: 11%
Magic:  6/6        EV: 10    Int: 12    God:
Gold:   78         SH:  4    Dex: 15    Spells: 4/4 levels left

rFire    + . .     SeeInvis .   a - +2 dagger
rCold    . . .     Gourm    .   r - +0 buckler
rNeg     . . .     Faith    .   g - +1 ring mail {rF+}
rPois    .         Spirit   .   (helmet restricted)
rElec    .         Reflect  .   c - +0 cloak
rCorr    .         Harm     .   (no gloves)
MR       +....                  (boots unavailable)
Stlth    ++........             n - amulet of the acrobat
HPRegen  0.10/turn              q - ring of protection from magic
MPRegen  0.10/turn              (no ring)

@: no status effects
A: beak, talons 3, able to fly
a: Fly


You were on level 3 of the Dungeon.
You were hungry.

You visited 1 branch of the dungeon, and saw 3 of its levels.

You collected 78 gold pieces.

Inventory:

Hand Weapons
 a - a +2 dagger (weapon)
Missiles
 d - 28 poisoned darts
 e - a curare-tipped dart (quivered)
Armour
 b - a +0 robe
 c - a +0 cloak (worn)
 g - a +1 ring mail of fire resistance (worn)
 m - a +2 tower shield
 r - a +0 buckler (worn)
Jewellery
 n - an amulet of the acrobat (around neck)
 q - a ring of protection from magic (left hand)
 x - an uncursed amulet of guardian spirit {unknown}
Scrolls
 p - a scroll of teleportation
 w - a scroll of fear
Potions
 h - a potion of resistance {unknown}
 l - a potion of lignification {unknown}
 s - a potion of cancellation {unknown}
 t - a potion of stabbing {unknown}
 u - 4 potions of ambrosia {unknown}
Comestibles
 f - 4 rations


   Skills:
 - Level 2.0 Fighting
 + Level 5.0 Short Blades
 - Level 2.0 Throwing
 - Level 1.1 Dodging
 - Level 4.0 Stealth
 + Level 1.9 Shields


You had 4 spell levels left.
You didn't know any spells.
Your spell library was empty.

Dungeon Overview and Level Annotations

Branches:
Dungeon (3/15)

Altars:

Annotations:
D:3 Grinder


Innate Abilities, Weirdness & Mutations

You have a beak for a mouth.
You have claws for feet.
You can fly continuously.


Message History

You hit Grinder but do no damage. Your kick misses Grinder.
Grinder is lightly wounded.
You hit Grinder but do no damage.
Grinder is lightly wounded.
Grinder barely misses you.
You barely miss Grinder. Your peck misses Grinder.
Grinder is lightly wounded.
Grinder hits you.
You writhe in agony.
You aren't carrying any items that you can evoke.
Unknown command.
Okay, then.
Quivering
e - 2 curare-tipped darts for throwing.
Throwing (i - inventory. (/) - cycle)
e - 2 curare-tipped darts (quivered)
Press: ? - help, Shift-Dir - straight line, f - Grinder
Aim: Grinder (lightly wounded)
You throw a curare-tipped dart.
The curare-tipped dart barely misses Grinder.
Grinder gestures at you. Pain shoots through your body!
You die...

#. #.#..####.#>#.# #
#...#.#.........#.#
.#...#.##.#......#.##
....#.##.#......'...
#..#.##.#......#...
#..#.##.#......#...
###.......########...
+....#.#### #...)
###.@..# #.... #5####
#.... #r #.... ..
#...## ... #... ....
#.. ..... #.. ##
#..... #. #.


You could see Grinder and a quokka.

Vanquished Creatures
  An orc wizard (D:3)
  A howler monkey skeleton (D:2)
  4 adders
  2 worms
  A dart slug (D:1)
  A leopard gecko (D:3)
  4 orcs (D:3)
  5 bats
  5 goblins
  4 hobgoblins
  2 jackals (D:2)
  A ball python (D:2)
  2 frilled lizards
  5 kobolds
  6 rats
44 creatures vanquished.

Notes
Turn   | Place    | Note
-------+----------+-------------------------------------------
     0 | D:1      | xccam the Tengu Assassin began the quest for the Orb.
     0 | D:1      | Reached XP level 1. HP: 12/12 MP: 2/2
   289 | D:1      | Reached skill level 3 in Short Blades
   289 | D:1      | Reached XP level 2. HP: 12/17 MP: 3/3
  1228 | D:2      | Reached XP level 3. HP: 21/21 MP: 4/4
  1240 | D:2      | Reached skill level 4 in Short Blades
  2046 | D:3      | Reached skill level 1 in Shields
  2046 | D:3      | Reached XP level 4. HP: 26/26 MP: 5/5
  2480 | D:3      | Reached skill level 5 in Short Blades
  2480 | D:3      | Gained mutation: You can fly continuously. [Tengu growth]
  2480 | D:3      | Reached XP level 5. HP: 30/30 MP: 6/6
  2729 | D:3      | Noticed Grinder
  2741 | D:3      | Killed from afar by Grinder

Illustrated notes

Levels and vault maps discovered:
D:1:      lemuel_arrival_tunnels, layout_loops_ring, serial_forest,
          infiniplex_forest_lined_room_2, infiniplex_forest_clump_tiny,
          infiniplex_forest_lined_4_way, infiniplex_forest_lined_1
D:2:      layout_loops_ring, minmay_liquid_box
D:3:      layout_basic, lemuel_doored_altar, uniq_grinder

Skill      XL: |  1  2  3  4 |
---------------+-------------+-----
Short Blades   | 3 4 5 |  5.0
Shields        | 1 |  1.9
Fighting       | |  2.0
Throwing       | |  2.0
Dodging        | |  1.1
Stealth        | |  4.0

Action                   |  1- 3 |  4- 6 || total
-------------------------+-------+-------++-------
Melee: Dagger            |    78 |    53 ||   131
       Kick              |    13 |    12 ||    25
       Peck              |     9 |     7 ||    16
Throw: Dart              |     4 |     4 ||     8
  Use: Scroll            |       |     9 ||     9
 Stab: Sleeping          |     5 |     1 ||     6
  Eat: Chunk             |     3 |     2 ||     5
Armor: Robe              |    10 |       ||    10
       Ring mail         |    15 |    12 ||    27
Dodge: Dodged            |    33 |    20 ||    53
Block: Buckler           |     3 |    15 ||    18
